[ AOE2 MATCH · #506436283 ]
UnrankedMongols vs Shu
Player's team · WIN
Rival team · LOSS
[ REPLAY ANALYSIS · EXTRACTED FROM THE RECORDED GAME ]
Feudal
10:50
Castle
19:20
Imperial
35:25
| APM avg | 76.0 |
| APM peak | 103 |
| eAPM avg | 26.6 |
| Villagers / military | 152 / 323 |
Focus
⚔️ 37.2% · 🌾 62.8%
Scout Cavalry ×232 · Archer ×60 · Mangonel ×22 · Battering Ram ×6 · Trebuchet (Packed) ×2 · Spearman ×1
Feudal
11:05
Castle
21:20
Imperial
39:54
| APM avg | 58.0 |
| APM peak | 97 |
| eAPM avg | 30.5 |
| Villagers / military | 193 / 319 |
Focus
⚔️ 49.9% · 🌾 50.1%
Archer ×168 · Skirmisher ×137 · Unknown (1942) ×9 · Militia ×6 · Mangonel ×4 · Cavalry Archer ×3
Match map
Initial resources + every placement click. Lines = walls · curves = elevation contours. ◆ gold · ⬟ stone · ● berries · ✦ relic · ◌ wall gap
Your base· Open — 4t gap
_n0ne_'s base· Open — 2t gap
Smoothed initial terrain · ◌ = detected wall gap · hover for details
Inputs per minute
— PomPom - - _n0ne_
Build order — PomPom
First 150 of 477 actions detected
| 0:00 | Queue | Villager (Male) |
| 0:00 | Queue | Villager (Male) |
| 0:01 | Build | House |
| 0:02 | Build | House |
| 0:07 | Queue | Villager (Male) |
| 0:07 | Queue | Villager (Male) |
| 1:23 | Queue | Villager (Male) |
| 1:23 | Queue | Villager (Male) |
| 1:48 | Build | Mill |
| 1:51 | Queue | Villager (Male) |
| 2:21 | Queue | Villager (Male) |
| 2:52 | Queue | Villager (Male) |
| 2:52 | Queue | Villager (Male) |
| 2:57 | Queue | Villager (Male) |
| 2:57 | Queue | Villager (Male) |
| 3:34 | Queue | Villager (Male) |
| 3:47 | Queue | Villager (Male) |
| 4:27 | Queue | Villager (Male) |
| 4:39 | Research | Loom |
| 4:41 | Build | House |
| 5:07 | Queue | Villager (Male) |
| 5:07 | Queue | Villager (Male) |
| 5:42 | Queue | Villager (Male) |
| 6:08 | Queue | Villager (Male) |
| 6:20 | Build | House |
| 6:24 | Queue | Villager (Male) |
| 6:38 | Build | Palisade Wall |
| 6:40 | Queue | Villager (Male) |
| 7:10 | Queue | Villager (Male) |
| 7:21 | Queue | Villager (Male) |
| 7:21 | Queue | Villager (Male) |
| 7:34 | Build | Lumber Camp |
| 7:43 | Build | Palisade Wall |
| 8:15 | Queue | Villager (Male) |
| 8:33 | Research | Feudal Age |
| 8:43 | Build | Mining Camp |
| 8:50 | Build | Palisade Wall |
| 8:58 | Build | Palisade Wall |
| 9:11 | Build | Palisade Wall |
| 9:14 | Queue | Villager (Male) |
| 9:14 | Queue | Villager (Male) |
| 9:20 | Build | House |
| 9:43 | Build | Mill |
| 10:02 | Build | Palisade Wall |
| 10:15 | Build | Barracks |
| 10:42 | Build | House |
| 10:46 | Build | Palisade Wall |
| 10:47 | Build | Palisade Wall |
| 10:50 | Age | Feudal Age |
| 11:18 | Queue | Spearman |
| 11:25 | Build | Archery Range |
| 11:31 | Queue | Villager (Male) |
| 11:32 | Research | Double-Bit Axe |
| 11:53 | Build | Farm |
| 11:54 | Build | Farm |
| 11:59 | Queue | Villager (Male) |
| 12:09 | Queue | Villager (Male) |
| 12:11 | Queue | Archer |
| 12:11 | Queue | Archer |
| 12:21 | Build | House |
| 12:29 | Build | Farm |
| 12:46 | Queue | Villager (Male) |
| 12:48 | Build | Farm |
| 13:00 | Queue | Archer |
| 13:12 | Queue | Villager (Male) |
| 13:18 | Build | House |
| 13:25 | Queue | Villager (Male) |
| 13:38 | Build | House |
| 13:41 | Queue | Villager (Male) |
| 13:45 | Build | Farm |
| 13:55 | Queue | Archer |
| 14:08 | Build | Blacksmith |
| 14:14 | Queue | Archer |
| 14:21 | Queue | Villager (Male) |
| 14:24 | Build | Farm |
| 14:29 | Queue | Villager (Male) |
| 14:35 | Queue | Archer |
| 14:47 | Queue | Villager (Male) |
| 14:59 | Build | House |
| 15:18 | Build | Farm |
| 15:22 | Build | Palisade Wall |
| 15:29 | Queue | Archer |
| 15:29 | Queue | Archer |
| 15:31 | Queue | Villager (Male) |
| 15:31 | Queue | Villager (Male) |
| 15:50 | Build | Farm |
| 16:01 | Queue | Archer |
| 16:21 | Build | House |
| 16:25 | Build | Lumber Camp |
| 16:32 | Research | Castle Age |
| 16:32 | Research | Castle Age |
| 16:59 | Research | Gold Mining |
| 17:05 | Build | Palisade Wall |
| 17:25 | Build | House |
| 17:26 | Build | House |
| 17:29 | Queue | Archer |
| 17:29 | Queue | Archer |
| 17:32 | Build | Archery Range |
| 17:41 | Build | Watch Tower |
| 17:51 | Build | Farm |
| 17:58 | Research | Fletching |
| 17:59 | Research | Fletching |
| 17:59 | Queue | Archer ×2 |
| 18:16 | Queue | Archer |
| 18:22 | Build | House |
| 18:29 | Queue | Archer |
| 18:53 | Build | House |
| 18:59 | Build | House |
| 19:13 | Queue | Villager (Male) |
| 19:20 | Age | Castle Age |
| 19:23 | Research | Crossbowman (upgrade) |
| 19:23 | Research | Crossbowman (upgrade) |
| 19:31 | Queue | Villager (Male) |
| 19:40 | Build | Farm |
| 19:43 | Research | Bodkin Arrow |
| 19:43 | Research | Bodkin Arrow |
| 19:55 | Queue | Villager (Male) |
| 20:03 | Queue | Villager (Male) |
| 20:04 | Queue | Archer ×3 |
| 20:04 | Queue | Archer ×3 |
| 20:10 | Build | House |
| 20:17 | Build | University |
| 20:35 | Queue | Villager (Male) |
| 20:46 | Build | Town Center |
| 20:50 | Queue | Archer ×3 |
| 20:53 | Queue | Villager (Male) |
| 20:56 | Build | Farm |
| 20:57 | Build | Farm |
| 20:58 | Build | Farm |
| 21:12 | Queue | Villager (Male) |
| 21:16 | Build | Farm |
| 21:17 | Queue | Archer |
| 21:39 | Queue | Villager (Male) |
| 21:40 | Build | Farm |
| 21:44 | Build | Farm |
| 21:54 | Queue | Villager (Male) |
| 21:54 | Queue | Villager (Male) |
| 22:05 | Queue | Villager (Male) |
| 22:17 | Queue | Archer ×5 |
| 22:28 | Queue | Villager (Male) |
| 22:32 | Build | Farm |
| 22:47 | Queue | Villager (Male) |
| 22:54 | Build | Siege Workshop |
| 23:03 | Queue | Villager (Male) |
| 23:03 | Queue | Villager (Male) |
| 23:05 | Queue | Villager (Male) |
| 23:07 | Build | Farm |
| 23:19 | Build | House |
| 23:24 | Queue | Villager (Male) |
| 23:27 | Queue | Mangonel |
Build order — _n0ne_
First 150 of 494 actions detected
| 0:01 | Queue | Villager (Male) |
| 0:02 | Build | House |
| 0:02 | Build | House |
| 0:13 | Queue | Villager (Male) |
| 0:19 | Queue | Villager (Male) |
| 0:19 | Queue | Villager (Male) |
| 1:30 | Queue | Villager (Male) |
| 1:30 | Queue | Villager (Male) |
| 2:05 | Queue | Villager (Male) |
| 2:30 | Queue | Villager (Male) |
| 2:52 | Build | Barracks |
| 2:56 | Queue | Villager (Male) |
| 3:15 | Queue | Villager (Male) |
| 3:17 | Build | House |
| 3:41 | Queue | Villager (Male) |
| 4:00 | Queue | Villager (Male) |
| 4:11 | Build | House |
| 4:15 | Queue | Villager (Male) |
| 4:32 | Queue | Militia |
| 4:32 | Queue | Militia |
| 4:42 | Queue | Villager (Male) |
| 5:07 | Queue | Militia |
| 5:14 | Build | House |
| 5:19 | Queue | Militia |
| 5:33 | Queue | Villager (Male) |
| 5:57 | Queue | Villager (Male) |
| 6:12 | Queue | Villager (Male) |
| 6:30 | Build | Lumber Camp |
| 6:36 | Queue | Villager (Male) |
| 6:49 | Queue | Villager (Male) |
| 7:01 | Queue | Villager (Male) |
| 7:16 | Queue | Villager (Male) |
| 7:43 | Queue | Villager (Male) |
| 7:58 | Build | Palisade Wall |
| 7:59 | Build | Palisade Wall |
| 8:28 | Research | Loom |
| 8:55 | Research | Feudal Age |
| 9:14 | Build | Palisade Wall |
| 9:15 | Build | Palisade Wall |
| 9:19 | Build | House |
| 9:21 | Build | Palisade Wall |
| 9:30 | Queue | Militia |
| 9:58 | Queue | Villager (Male) |
| 10:01 | Build | Mill |
| 10:14 | Queue | Militia |
| 10:31 | Build | Farm |
| 10:59 | Build | Farm |
| 11:05 | Age | Feudal Age |
| 11:08 | Research | Man-at-Arms (upgrade) |
| 11:09 | Research | Man-at-Arms (upgrade) |
| 11:24 | Queue | Villager (Male) |
| 11:26 | Build | Farm |
| 11:27 | Build | Farm |
| 11:29 | Build | Archery Range |
| 11:41 | Queue | Villager (Male) |
| 11:53 | Build | Farm |
| 12:02 | Build | House |
| 12:12 | Queue | Villager (Male) |
| 12:20 | Build | Farm |
| 12:25 | Research | Arson |
| 12:25 | Queue | Villager (Male) |
| 12:28 | Queue | Skirmisher |
| 12:28 | Queue | Skirmisher |
| 12:37 | Queue | Villager (Male) |
| 12:47 | Build | Farm |
| 12:58 | Build | House |
| 13:08 | Queue | Skirmisher |
| 13:13 | Queue | Villager (Male) |
| 13:14 | Build | Farm |
| 13:22 | Build | Farm |
| 13:27 | Queue | Skirmisher |
| 13:30 | Build | House |
| 13:45 | Research | Double-Bit Axe |
| 13:50 | Queue | Skirmisher |
| 13:53 | Queue | Villager (Male) |
| 14:09 | Queue | Spearman |
| 14:17 | Queue | Villager (Male) |
| 14:43 | Build | Lumber Camp |
| 14:49 | Queue | Villager (Male) |
| 14:53 | Build | House |
| 15:16 | Queue | Villager (Male) |
| 15:31 | Build | Blacksmith |
| 15:36 | Queue | Villager (Male) |
| 16:09 | Queue | Villager (Male) |
| 16:18 | Build | Farm |
| 16:21 | Build | Farm |
| 16:21 | Build | Farm |
| 16:21 | Build | Farm |
| 16:21 | Build | Farm |
| 16:22 | Build | Farm |
| 16:22 | Build | Farm |
| 16:22 | Build | Farm |
| 16:22 | Build | Farm |
| 16:36 | Build | Farm |
| 16:58 | Queue | Villager (Male) |
| 17:18 | Queue | Villager (Male) |
| 17:25 | Build | Mining Camp |
| 17:32 | Build | Market |
| 17:47 | Queue | Villager (Male) |
| 18:02 | Build | Farm |
| 18:02 | Build | Farm |
| 18:03 | Build | Farm |
| 18:03 | Build | Farm |
| 18:03 | Build | Farm |
| 18:03 | Build | Farm |
| 18:40 | Research | Castle Age |
| 18:40 | Research | Castle Age |
| 18:45 | Queue | Villager (Male) |
| 19:05 | Research | Fletching |
| 19:09 | Research | Padded Archer Armor |
| 19:11 | Queue | Villager (Male) |
| 19:12 | Build | Farm |
| 19:16 | Build | Archery Range |
| 19:26 | Research | Fletching |
| 19:28 | Queue | Skirmisher |
| 19:36 | Build | Palisade Wall |
| 19:38 | Build | House |
| 19:39 | Build | Palisade Wall |
| 19:42 | Build | Palisade Wall |
| 19:44 | Build | Palisade Wall |
| 19:51 | Build | Palisade Wall |
| 20:01 | Queue | Skirmisher |
| 20:02 | Queue | Skirmisher |
| 20:24 | Queue | Villager (Male) |
| 20:27 | Queue | Skirmisher |
| 20:29 | Queue | Skirmisher |
| 20:29 | Queue | Skirmisher |
| 20:38 | Build | Farm |
| 20:39 | Build | Farm |
| 20:39 | Build | Farm |
| 20:56 | Queue | Skirmisher |
| 20:58 | Queue | Skirmisher |
| 21:20 | Age | Castle Age |
| 21:22 | Research | Bodkin Arrow |
| 21:34 | Research | Elite Skirmisher (upgrade) |
| 21:35 | Research | Leather Archer Armor |
| 21:41 | Queue | Villager (Male) |
| 21:46 | Build | Palisade Wall |
| 22:06 | Queue | Villager (Male) |
| 22:11 | Build | Farm |
| 22:17 | Queue | Villager (Male) |
| 22:24 | Queue | Skirmisher ×4 |
| 22:30 | Build | Farm |
| 22:37 | Research | Bow Saw |
| 22:38 | Research | Bow Saw |
| 22:45 | Queue | Skirmisher ×2 |
| 22:49 | Build | House |
| 22:49 | Build | House |
| 22:54 | Queue | Villager (Male) |
| 22:55 | Build | House |
Match timeline
| 2:52 | _n0ne_ · first_building Barracks |
| 6:38 | PomPom · wall_segment Palisade Wall x6 |
| 7:43 | PomPom · wall_segment Palisade Wall x5 |
| 7:58 | _n0ne_ · wall_segment Palisade Wall x6 |
| 7:59 | _n0ne_ · wall_segment Palisade Wall x4 |
| 8:50 | PomPom · wall_segment Palisade Wall x2 |
| 8:58 | PomPom · wall_segment Palisade Wall x1 |
| 9:11 | PomPom · wall_segment Palisade Wall x5 |
| 9:14 | _n0ne_ · wall_segment Palisade Wall x1 |
| 9:15 | _n0ne_ · wall_segment Palisade Wall x1 |
| 9:21 | _n0ne_ · wall_segment Palisade Wall x4 |
| 10:02 | PomPom · wall_segment Palisade Wall x6 |
| 10:15 | PomPom · first_building Barracks |
| 10:46 | PomPom · wall_segment Palisade Wall x1 |
| 10:47 | PomPom · wall_segment Palisade Wall x13 |
| 10:50 | PomPom · age_up feudal |
| 11:05 | _n0ne_ · age_up feudal |
| 11:25 | PomPom · first_building Archery Range |
| 11:29 | _n0ne_ · first_building Archery Range |
| 15:22 | PomPom · wall_segment Palisade Wall x6 |
| 17:05 | PomPom · wall_segment Palisade Wall x1 |
| 18:24 | _n0ne_ · first_market_sell 500 food |
| 19:20 | PomPom · age_up castle |
| 19:36 | _n0ne_ · wall_segment Palisade Wall x1 |
| 19:39 | _n0ne_ · wall_segment Palisade Wall x9 |
| 19:42 | _n0ne_ · wall_segment Palisade Wall x9 |
| 19:44 | _n0ne_ · wall_segment Palisade Wall x6 |
| 19:51 | _n0ne_ · wall_segment Palisade Wall x8 |
| 21:20 | _n0ne_ · age_up castle |
| 21:33 | _n0ne_ · first_market_buy 100 wood |
| 21:46 | _n0ne_ · wall_segment Palisade Wall x1 |
| 22:54 | PomPom · first_building Siege Workshop |
| 24:48 | PomPom · first_market_sell 100 food |
| 24:49 | PomPom · first_market_buy 100 stone |
| 26:01 | _n0ne_ · first_building Siege Workshop |
| 30:57 | PomPom · first_building Stable |
| 34:25 | PomPom · first_building Castle |
| 35:25 | PomPom · age_up imperial |
| 36:41 | _n0ne_ · wall_segment Palisade Wall x1 |
| 39:13 | _n0ne_ · wall_segment Palisade Wall x1 |
| 39:54 | _n0ne_ · age_up imperial |
| 41:45 | _n0ne_ · wall_segment Stone Wall x1 |
| 45:51 | _n0ne_ · wall_segment Stone Wall x1 |
| 48:22 | _n0ne_ · wall_segment Palisade Wall x2 |
| 53:12 | _n0ne_ · resign |
[ AI ANALYSIS · 1 CREDIT ]
What really happened in this match?
Wolo.gg analyzes every decision: build order, eco, micro, common mistakes by bracket. Personalized analysis on WhatsApp or Discord in 30 seconds.
Civ guide
Mongols
Perfil
Jugador #455708